 Dungeon Crawl Stone Soup version 0.29-a0-559-g359e09b9d1 (webtiles) character file.

Game seed: 1951666978522307760

4336 avis the Archer (level 9, -7/75 HPs)
             Began as a Demigod Hunter on June 11, 2022.
             Splashed by a brown ugly thing's acid (11 damage)
             ... on level 9 of the Dungeon.
             The game lasted 00:40:51 (7650 turns).

avis the Archer (Demigod Hunter)                    Turns: 7650, Time: 00:40:51

Health: -7/75      AC:  4    Str: 12    XL:     9   Next: 88%
Magic:  12/15      EV: 15    Int: 11    God:
Gold:   506        SH:  0    Dex: 40    Spells: 9/12 levels left

rFire   . . .      SeeInvis .   a - +6 shortbow "Yzieb" {vorpal, +Blink rN+ Dex+5 Stlth+}
rCold   . . .      Faith    .   (shield currently unavailable)
rNeg    + . .      Spirit   .   d - +1 leather armour
rPois   +          Reflect  .   (no helmet)
rElec   .          Harm     .   (no cloak)
rCorr   .          Rampage  .   (no gloves)
Will    .....                   q - +0 pair of boots
Stlth   +++++.....              (no amulet)
HPRegen 0.22/turn               f - ring of poison resistance
MPRegen 0.14/turn               m - +6 ring of dexterity

@: ice-armoured, corroded
A: high MP 1, forlorn, divine attributes
a: Evoke Blink


You were on level 9 of the Dungeon.
You visited 2 branches of the dungeon, and saw 10 of its levels.
You also visited: Ossuary.

You collected 506 gold pieces.

Inventory:

Hand Weapons
 a - the +6 shortbow "Yzieb" (weapon) {vorpal, +Blink rN+ Dex+5 Stlth+}
   (You found it on level 3 of the Dungeon)

   Any ammunition fired from it inflicts extra damage upon your enemies.
   Dex:       It affects your dexterity (+5).
   rN:        It protects you from negative energy.
   +Blink:    It lets you blink.
   Stlth:     It makes you more stealthy.
 b - a +2 shortbow
 i - a +3 dagger
 l - a +2 vampiric hand axe
 p - a +4 long sword
 w - a +2 dagger of speed
 A - a +4 dagger of speed
 C - a +2 war axe of freezing
 F - a +2 battleaxe
 G - a +1 flail
 K - a +0 broad axe
 N - a +0 dagger of chaos
 O - the +7 rapier "Jugred" {holy, Fly Int+3}
   (You found it on level 9 of the Dungeon)

   It has been blessed by the Shining One to cause great damage to the undead
   and demons.
   Int:       It affects your intelligence (+3).
   Fly:       It grants you flight.
Missiles
 h - a curare-tipped dart
 k - 3 javelins
 v - 29 poisoned darts
Armour
 d - a +1 leather armour (worn)
 q - a +0 pair of boots (worn)
 L - an orb of guile
Jewellery
 f - a ring of poison resistance (left hand)
 m - a +6 ring of dexterity (right hand)
 n - a ring of magical power
Wands
 g - a wand of iceblast (15)
 r - a wand of polymorph (4)
 x - a wand of flame (25)
Scrolls
 j - 2 scrolls of amnesia
 y - a scroll of blinking
 E - a scroll of vulnerability {unknown}
 H - a scroll of enchant weapon
 I - 2 scrolls of noise {unknown}
 J - 3 scrolls of acquirement {unknown}
 M - a scroll of identify
Potions
 c - 2 potions of flight
 e - 2 potions of haste
 o - 7 potions of curing
 s - a potion of brilliance
 t - 4 potions of might
 u - a potion of cancellation
 z - a potion of magic
 B - a potion of heal wounds {unknown}
 D - a potion of berserk rage {unknown}


   Skills:
 - Level 6.0 Fighting
 * Level 11.2 Bows
 - Level 3.0 Dodging
 - Level 3.0 Stealth
 - Level 2.0 Spellcasting
 - Level 4.0 Ice Magic


You had 9 spell levels left.
You knew the following spells:

 Your Spells              Type           Power      Damage    Failure   Level
o - Ozocubu's Armour      Ice            9%         N/A       22%         3

Your spell library contained the following spells:

 Spells                   Type           Power      Damage    Failure   Level
 Slow                     Hex            4%         N/A       36%         1
 Static Discharge         Conj/Air       1%         N/A       50%         2
 Call Canine Familiar     Summ           1%         N/A       73%         3
 Confusing Touch          Hex            1%         N/A       73%         3
 Ignite Poison            Fire/Tmut/Pois 1%         N/A       73%         3
 Mephitic Cloud           Conj/Pois/Air  1%         N/A       73%         3
 Vampiric Draining        Necr           1%         2d6       73%         3
 Summon Ice Beast         Ice/Summ       5%         N/A       85%         4
 Corpse Rot               Necr/Pois/Air  1%         N/A       98%         4
 Dispel Undead            Necr           1%         3d6       98%         4
 Sticky Flame             Conj/Fire      1%         2d3       98%         4
 Freezing Cloud           Conj/Ice/Air   2%         6-21      99%         5
 Metabolic Englaciation   Hex/Ice        2%         N/A       99%         5
 Simulacrum               Ice/Necr       2%         N/A       100%        6
 Monstrous Menagerie      Summ           0%         N/A       100%        7


Dungeon Overview and Level Annotations

Branches:
Dungeon (9/15)             Temple (1/1) D:5         Ossuary (visited)
   Lair: D:8-11         Orc: D:9-12

Annotations:
D:4 2 transporters, DamienQuinn's ghost, amateur TrBe


Innate Abilities, Weirdness & Mutations

You have an increased reservoir of magic. (+10% MP)
You shall have no god before yourself.
Your divine heritage dramatically boosts your attributes as you level up.


Message History

The arrow barely misses the brown ugly thing.
The brown ugly thing pecks you.
You are splashed with acid!
Shoot: a) +6 shortbow "Yzieb" {vorpal, +Blink rN+ Dex+5 Stlth+}
Press: ? - help, Q - select action, (/) - cycle Shift-Dir - straight line, f/p - brown ugly thing
Aim: a brown ugly thing (lightly wounded, 78% to hit)
You shoot an arrow. The arrow hits the brown ugly thing!
The brown ugly thing is moderately wounded.
A slime creature comes into view.
The brown ugly thing pecks you!
You are splashed with acid.
Shoot: a) +6 shortbow "Yzieb" {vorpal, +Blink rN+ Dex+5 Stlth+}
Press: ? - help, Q - select action, (/) - cycle Shift-Dir - straight line, f/p - brown ugly thing
Aim: a brown ugly thing (moderately wounded, 78% to hit)
You shoot an arrow. The slime creature quivers.
The arrow hits the brown ugly thing!!
The brown ugly thing is severely wounded.
The brown ugly thing pecks you!
You are splashed with acid!
* * * LOW HITPOINT WARNING * * *
Shoot: a) +6 shortbow "Yzieb" {vorpal, +Blink rN+ Dex+5 Stlth+}
Press: ? - help, Q - select action, (/) - cycle Shift-Dir - straight line, f/p - brown ugly thing
Aim: a brown ugly thing (severely wounded, 78% to hit)
You shoot an arrow. The arrow hits the brown ugly thing!
The brown ugly thing is almost dead.
The brown ugly thing pecks you!
* * * LOW HITPOINT WARNING * * *
The acid corrodes you!
You are splashed with acid!
* * * LOW HITPOINT WARNING * * *
Shoot: a) +6 shortbow "Yzieb" {vorpal, +Blink rN+ Dex+5 Stlth+}
Press: ? - help, Q - select action, (/) - cycle Shift-Dir - straight line, f/p - brown ugly thing
Aim: a brown ugly thing (almost dead, 78% to hit)
You shoot an arrow. The arrow hits the brown ugly thing.
The brown ugly thing is almost dead.
Unknown command.
Okay, then.
Casting: Ozocubu's Armour (dangerous; 22% risk of failure)
Confirm with . or Enter, or press ? or * to list all spells.
A film of ice covers your body! The brown ugly thing pecks you.
* * * LOW HITPOINT WARNING * * *
You are splashed with acid!
You die...

# #.# #. ... #.. #.# #.#
.J) #..####### # ##.##
#.... .#...# ... ..#.#
.....# ##u##
#...####.... #.@.#
#......#.... #.###.##
#.# #.#..#. #......#
#.## #.#..##
.#####.#####..###.#....
#................#.#...#
............##.#.#.#...#
.............#.#...###.#
.............#.###.....#
.............#.###†#####


You could see a brown ugly thing and a slime creature.

Vanquished Creatures
  A two-headed ogre (D:9)
  An unseen horror (D:9)
  Psyche (D:9)
  Sigmund (D:5)
  A wyvern (D:8)
  3 yaks (D:8)
  3 water moccasins
  Duvessa (D:6)
  2 ice beasts (D:7)
  A black bear (D:6)
  An orc warrior (D:8)
  An ogre (D:4)
  2 centaurs
  2 kobold brigands
  2 scorpions
  2 bullfrogs
  7 wights
  Dowan (D:6)
  2 jellies
  A hound (D:6)
  2 gnoll shamans
  Jessica (D:2)
  5 iguanas
  An orc wizard (D:7)
  3 mummies (Ossuary)
  10 gnolls
  7 adders
  2 shadow imps
  5 adder zombies (Ossuary)
  3 worms
  A dart slug (D:2)
  23 orcs
  6 bats
  4 endoplasms
  2 giant cockroaches
  2 goblins
  10 hobgoblins
  4 jackals (D:1)
  17 kobolds
  2 quokkas
  3 ball pythons
  3 frilled lizards
  2 goblin zombies (Ossuary)
  3 hobgoblin zombies (Ossuary)
  2 kobold zombies (Ossuary)
  An orc zombie (Ossuary)
  A quokka zombie (Ossuary)
  6 rats
  4 rat zombies (Ossuary)
171 creatures vanquished.

Notes
Turn   | Place    | Note
-------+----------+-------------------------------------------
     0 | D:1      | avis the Demigod Hunter began the quest for the Orb.
     0 | D:1      | Reached XP level 1. HP: 17/17 MP: 3/3
    42 | D:1      | Reached skill level 1 in Stealth
   299 | D:1      | Reached XP level 2. HP: 24/24 MP: 4/4
   560 | D:1      | Reached skill level 4 in Bows
  1438 | D:2      | Reached XP level 3. HP: 29/29 MP: 5/5
  1584 | D:2      | Noticed Jessica
  1590 | D:2      | Killed Jessica
  1694 | D:2      | Reached skill level 5 in Bows
  1987 | D:2      | Reached XP level 4. HP: 36/36 MP: 6/6
  2277 | D:3      | Identified the +6 shortbow "Yzieb" {vorpal, +Blink rN+
                  | Dex+5 Stlth+}
  2371 | D:3      | Learned a level 3 spell: Ozocubu's Armour
  2397 | D:3      | You fall into a shaft and drop 2 floors!
  2397 | D:5      | Entered Level 5 of the Dungeon
  2577 | D:4      | Reached skill level 1 in Ice Magic
  2750 | D:3      | Reached XP level 5. HP: 45/45 MP: 7/7
  2941 | D:4      | Noticed an ogre
  2945 | D:4      | Killed an ogre
  2974 | D:4      | Found a transporter.
  2976 | D:4      | Noticed DamienQuinn's ghost (amateur TrBe)
  3102 | D:4      | Reached XP level 6. HP: 51/51 MP: 8/8
  3171 | D:4      | Reached skill level 6 in Bows
  3417 | D:4      | Found a transporter.
  3662 | D:5      | Found a staircase to the Ecumenical Temple.
  3667 | Temple   | Entered the Ecumenical Temple
  4244 | D:5      | Noticed Sigmund
  4249 | D:5      | Killed Sigmund
  4250 | D:5      | Reached skill level 7 in Bows
  4250 | D:5      | Reached XP level 7. HP: 57/57 MP: 9/9
  4890 | D:6      | Noticed Dowan
  4892 | D:6      | Noticed Duvessa
  4900 | D:6      | Killed Dowan
  4905 | D:6      | Killed Duvessa
  5419 | D:6      | Reached skill level 1 in Spellcasting
  5705 | D:6      | Reached XP level 8. HP: 54/66 MP: 12/12
  5938 | D:7      | Reached skill level 8 in Bows
  6283 | D:7      | Reached skill level 9 in Bows
  6501 | D:8      | Reached skill level 5 in Fighting
  6535 | D:8      | Got the Grimoire of Feathers and the Entourage
  6541 | D:8      | Found a sand-covered staircase.
  6546 | Ossuary  | Entered an ossuary
  6754 | D:8      | Reached XP level 9. HP: 50/74 MP: 13/15
  7010 | D:8      | Reached skill level 10 in Bows
  7502 | D:9      | Noticed Psyche
  7509 | D:9      | Killed Psyche
  7576 | D:9      | Killed an unseen horror
  7577 | D:9      | Reached skill level 11 in Bows
  7629 | D:9      | Identified the +7 rapier "Jugred" {holy, Fly Int+3}
  7635 | D:9      | Noticed a two-headed ogre
  7639 | D:9      | Noticed a brown ugly thing
  7641 | D:9      | Killed a two-headed ogre
  7650 | D:9      | Splashed by a brown ugly thing's acid

Illustrated notes

Levels and vault maps discovered:
D:1:      sevenhm_arrival_forest_fort_large_4, layout_loops_cross
D:2:      layout_rooms, grunt_decor_one_mirror, minivault_25,
          nicolae_concentric_dashed_squares_mild, roderic_lattice_a,
          feat_on_display, uniq_jessica
D:3:      layout_loops_ring, lemuel_round_altar,
          shapermc_ecumenical_altar_mp_ritualfount
D:4:      layout_rooms, kennysheep_little_box, gammafunk_ghost_mausoleum
D:5:      layout_basic, mainiacjoe_overflow_24_doors, temple_statues,
          uniq_sigmund
D:6:      layout_loops_corners, old_standard_altar, nicolae_ashenzari_skybound,
          glass_columns_a, uniq_duvessa
D:7:      layout_rooms
D:8:      layout_basic, gammafunk_temple_overflow_forgotten, enter_ossuary_5,
          minmay_misc_feat_doors
D:9:      minmay_the_grid_plus [minmay_the_grid_slots, minmay_the_grid_eight,
          minmay_the_grid_aliased_spiral, minmay_the_grid_spikes,
          minmay_the_grid_prize_four_corners], layout_basic, serial_shops,
          shop_fountains, uniq_psyche
Temple:   minmay_temple_forest_path

Skill      XL: |  1  2  3  4  5  6  7  8  9 |
---------------+----------------------------+-----
Fighting       | 2 3 4 5 6 |  6.0
Stealth        | 1 3 |  3.0
Dodging        | 2 3 |  3.0
Bows           | 4 5 7 9 11 | 11.2
Ice Magic      | 1 2 4 |  4.0
Spellcasting   | 1 2 |  2.0

Action                   |  1- 3 |  4- 6 |  7- 9 || total
-------------------------+-------+-------+-------++-------
 Fire: Shortbow          |    96 |    72 |   223 ||   391
 Cast: Ozocubu's Armour  |       |       |     1 ||     1
 Abil: Evoke Blink       |       |       |     3 ||     3
  Use: Scroll            |       |    10 |     6 ||    16
Armor: Leather armour    |    14 |       |    10 ||    24
Dodge: Dodged            |    18 |     3 |    49 ||    70

Table legend: (Time is in decaauts)
 A = Elapsed time spent in this place.
 B = Non-inter-level travel time spent in this place.
 C = Inter-level travel time spent in this place.
 D = Time resting spent in this place.
 E = Time spent auto-exploring this place.
 F = Levels seen in this place.
 G = Mean time per level.
                   A        B        C        D        E       F      G
               +--------+--------+--------+--------+--------+-----+--------+
         Total |   7722 |   6820 |    902 |   1534 |   3914 |  11 |  702.0 |
       Dungeon |   7411 |   6509 |    902 |   1415 |   3914 |   9 |  823.4 |
        Temple |    149 |    149 |      0 |    119 |      0 |   1 |  149.0 |
       Ossuary |    161 |    161 |      0 |      0 |      0 |   1 |  161.0 |
               +--------+--------+--------+--------+--------+-----+--------+

Top non-repeatable levels by time:
     D:6: 1418 daAuts
     D:1: 1416 daAuts
     D:5: 888 daAuts
     D:2: 850 daAuts
     D:8: 843 daAuts
     D:4: 672 daAuts
     D:7: 529 daAuts
     D:3: 523 daAuts
     D:9: 269 daAuts
 Ossuary: 161 daAuts
  Temple: 149 daAuts
